 Dungeon Crawl Stone Soup version 0.31.0-11-ge490571c62 (webtiles) character file.

Game seed: 12951198097573480986

1591544 babelphish the Shatterer (level 26, 259/259 HPs)
             Began as a Minotaur Fighter on Jan 23, 2024.
             Was an Initiate of Gozag.
             Escaped with the Orb
             ... and 3 runes on Jan 26, 2024!
             The game lasted 08:23:32 (78856 turns).

babelphish the Shatterer (Minotaur Fighter)        Turns: 78856, Time: 08:23:32

Health: 259/259    AC: 43    Str: 28    XL:     26   Next: 96%
Magic:  22/22      EV: 20    Int:  7    God:    Gozag
Gold:   101        SH: 33    Dex: 19    Spells: 25/25 levels left

rFire   + . .        R - +9 morningstar (freeze)
rCold   + + +        W - +8 tower shield {rC+}
rNeg    + . .        t - +7 plate armour of Ulelofij {Slay+2}
rPois   +            T - +2 hat {Int+3}
rElec   +            b - +4 dragonskin cloak
rCorr   +            x - +0 pair of gloves of Makhleb's Whim {Regen+ Dex+3}
SInv    .            o - +3 pair of mountain boots {steadfast, rC+}
Will    ++++.        y - amulet of the Four Winds {rN+ Will+++ Clar} Stlth
                     r - ring "Vintierchui" {rElec rC+ rCorr Slay+2}
HPRegen 1.43/turn    l - ring "Vywa" {rPois rF+}
MPRegen 0.18/turn

%: clarity
@: glowing, studying Staves, bribing [the Dungeon, the Depths]
A: horns 2, retaliatory headbutt, agile 1, dopey 1
0: Orb of Zot
}: 3/15 runes: decaying, silver, gossamer
a: Renounce Religion, Potion Petition, Call Merchant, Bribe Branch


You escaped.
You worshipped Gozag.
Gozag was aware of your devotion.
You visited 10 branches of the dungeon, and saw 50 of its levels.
You also visited: Ice Cave.

You collected 30579 gold pieces.
You spent 3016 gold pieces at shops.
You paid 27462 gold pieces to Gozag.

Inventory:

Hand Weapons
 R - a +9 morningstar of freezing (weapon)
Missiles
 n - 85 poisoned darts
 w - 2 throwing nets
 A - 2 silver javelins (quivered)
Armour
 b - the +4 dragonskin cloak (worn)
   (You took it off Tiamat on level 2 of the Realm of Zot)

   Avatar's Aegis: It grants the wearer a chance to resist fire, cold, poison,
   electricity, acid, and negative energy.
 o - the +3 pair of mountain boots (worn) {steadfast, rC+}
   (You found it on level 4 of the Spider Nest)

   Steadfast: It prevents involuntary movement, except for blinking,
   teleportation, or banishment.
   rC+:       It protects you from cold.
 t - the +7 plate armour of Ulelofij (worn) {Slay+2}
   (You found it on level 3 of the Elven Halls)

   Slay+2:    It affects your accuracy & damage with ranged weapons and melee
   (+2).
 x - the +0 pair of gloves of Makhleb's Whim (worn) {Regen+ Dex+3}
   (You found it on level 3 of the Depths)

   Dex+3:     It affects your dexterity (+3).
   Regen+:    It increases your rate of health regeneration.
 T - a +2 hat of intelligence (worn)
 W - a +8 tower shield of cold resistance (worn)
Jewellery
 l - the ring "Vywa" (right hand) {rPois rF+}
   (You found it on level 5 of the Realm of Zot)

   [ring of protection from fire]

   rF+:       It protects you from fire.
   rPois:     It protects you from poison
 r - the ring "Vintierchui" (left hand) {rElec rC+ rCorr Slay+2}
   (You found it on level 2 of the Swamp)

   [ring of resist corrosion]

   Slay+2:    It affects your accuracy & damage with ranged weapons and melee
   (+2).
   rC+:       It protects you from cold.
   rElec:     It insulates you from electricity.
   rCorr:     It protects you from acid and corrosion.
 s - a ring of see invisible
 y - the amulet of the Four Winds (around neck) {rN+ Will+++ Clar}
   (You took it off a deep elf demonologist on level 3 of the Elven Halls)

   [amulet of nothing]

   rN+:       It protects you from negative energy.
   Will+++:   It greatly increases your willpower.
   Clar:      It protects you from confusion, rage, mesmerisation and fear.
 F - a +5 ring of evasion
Wands
 c - a wand of paralysis (38)
 B - a wand of flame (96)
 D - a wand of polymorph (66)
 J - a wand of mindburst (15)
 L - a wand of quicksilver (23)
 S - a wand of digging (51)
Scrolls
 e - 6 scrolls of revelation
 f - 8 scrolls of noise
 i - 9 scrolls of poison
 j - 7 scrolls of blinking
 k - 18 scrolls of teleportation
 q - 13 scrolls of vulnerability
 z - a scroll of enchant weapon
 C - 10 scrolls of fear
 H - 3 scrolls of fog
 I - 2 scrolls of brand weapon
 K - 4 scrolls of silence
 M - 7 scrolls of immolation
 Q - 3 scrolls of enchant armour
 U - 3 scrolls of summoning
Potions
 a - 7 potions of berserk rage
 d - 8 potions of might
 g - 5 potions of haste
 h - 6 potions of ambrosia
 m - 7 potions of mutation
 p - 5 potions of cancellation
 u - 25 potions of curing
 v - 9 potions of lignification
 E - 10 potions of attraction
 G - 7 potions of resistance
 O - 4 potions of heal wounds
 P - 12 potions of enlightenment
 V - 10 potions of invisibility
Miscellaneous
 N - a phial of floods
 X - a sack of spiders (inert)
 Y - a lightning rod (4/4)
 Z - a phantom mirror (inert)


   Skills:
 - Level 25.4 Fighting
 - Level 25.5 Maces & Flails
 - Level 13.6 Throwing
 - Level 24.9 Armour
 * Level 20.4 Dodging
 - Level 9.6 Stealth
 - Level 23.8 Shields
 - Level 13.6 Evocations


You had 25 spell levels left.
You didn't know any spells.
Your spell library contained the following spells:

 Spells                   Type           Power      Damage    Failure   Level
 Apportation              Tloc           0%         N/A       88%         1
 Foxfire                  Conj/Fire      0%         2x1d4     88%         1
 Kiss of Death            Conj/Necr      0%         2d5       88%         1
 Magic Dart               Conj           0%         1d3       88%         1
 Necrotise                Necr           0%         1d4       88%         1
 Sandblast                Erth           0%         2d4       88%         1
 Shock                    Conj/Air       0%         1d3       88%         1
 Blink                    Tloc           0%         N/A       96%         2
 Call Imp                 Summ           0%         N/A       96%         2
 Cigotuvi's Dreadful Rot  Necr/Alch/Air  0%         N/A       96%         2
 Jinxbite                 Hex            0%         N/A       96%         2
 Lesser Beckoning         Tloc           0%         N/A       96%         2
 Momentum Strike          Conj/Tloc      0%         3d8       96%         2
 Scorch                   Fire           0%         2d5       96%         2
 Dazzling Flash           Conj/Hex       0%         N/A       99%         3
 Frozen Ramparts          Ice            0%         1d1       99%         3
 Fugue of the Fallen      Necr           0%         N/A       99%         3
 Gell's Gravitas          Tloc           0%         N/A       99%         3
 Hailstorm                Conj/Ice       0%         3d5       99%         3
 Mephitic Cloud           Conj/Alch/Air  0%         N/A       99%         3
 Ozocubu's Armour         Ice            0%         N/A       99%         3
 Passwall                 Erth           0%         N/A       99%         3
 Stone Arrow              Conj/Erth      0%         3d7       99%         3
 Summon Ice Beast         Ice/Summ       0%         N/A       99%         3
 Swiftness                Air            0%         N/A       99%         3
 Teleport Other           Tloc           0%         N/A       99%         3
 Vampiric Draining        Necr           0%         2d6       99%         3
 Volatile Blastmotes      Fire/Tloc      0%         2d10      99%         3
 Airstrike                Air            0%         2d(0-16)  100%        4
 Animate Armour           Summ/Erth      0%         N/A       100%        4
 Brom's Barrelling Bould  Conj/Erth      0%         2d3       100%        4
 Cause Fear               Hex            0%         N/A       100%        4
 Flame Wave               Conj/Fire      0%         2d4       100%        4
 Fulminant Prism          Conj/Alch      0%         3d5       100%        4
 Ignite Poison            Fire/Alch      0%         N/A       100%        4
 Iskenderun's Mystic Bla  Conj/Tloc      0%         2d3       100%        4
 Leda's Liquefaction      Alch/Erth      0%         N/A       100%        4
 Manifold Assault         Tloc           0%         N/A       100%        4
 Martyr's Knell           Necr/Summ      0%         N/A       100%        4
 Petrify                  Alch/Erth      0%         N/A       100%        4
 Sticky Flame             Fire/Alch      0%         2d4       100%        4
 Summon Blazeheart Golem  Fire/Summ      0%         N/A       100%        4
 Summon Lightning Spire   Summ/Air       0%         N/A       100%        4
 Alistair's Intoxication  Alch           0%         N/A       100%        5
 Borgnjor's Vile Clutch   Necr/Erth      0%         N/A       100%        5
 Curse of Agony           Necr           0%         N/A       100%        5
 Fireball                 Conj/Fire      0%         3d3       100%        5
 Freezing Cloud           Conj/Ice/Air   0%         6-21      100%        5
 Lee's Rapid Deconstruct  Erth           0%         3d4*      100%        5
 Metabolic Englaciation   Hex/Ice        0%         N/A       100%        5
 Summon Forest            Summ/Tloc      0%         N/A       100%        5
 Summon Mana Viper        Hex/Summ       0%         N/A       100%        5
 Yara's Violent Unravell  Hex/Alch       0%         3d3       100%        5
 Bombard                  Conj/Erth      0%         9d1       100%        6
 Conjure Ball Lightning   Conj/Air       0%         3x3d6     100%        6
 Death Channel            Necr           0%         N/A       100%        6
 Dispersal                Tloc           0%         N/A       100%        6
 Eringya's Noxious Bog    Alch           0%         4d6       100%        6
 Plasma Beam              Fire/Air       0%         2x1d10    100%        6
 Sculpt Simulacrum        Ice/Alch       0%         N/A       100%        6
 Starburst                Conj/Fire      0%         6d3       100%        6
 Summon Cactus Giant      Summ           0%         N/A       100%        6
 Enfeeble                 Hex            0%         N/A       100%        7
 Haunt                    Necr/Summ      0%         N/A       100%        7
 Monstrous Menagerie      Summ           0%         N/A       100%        7
 Orb of Destruction       Conj           0%         9d5       100%        7
 Ozocubu's Refrigeration  Ice            0%         4d7       100%        7
 Spellforged Servitor     Conj/Summ      0%         N/A       100%        7
 Summon Hydra             Summ           0%         N/A       100%        7
 Discord                  Hex            0%         N/A       100%        8
 Disjunction              Tloc           0%         N/A       100%        8
 Ignition                 Fire           0%         3d3       100%        8
 Infestation              Necr           0%         N/A       100%        8
 Maxwell's Capacitive Co  Air            0%         ∞         100%        8
 Dragon's Call            Summ           0%         N/A       100%        9
 Animate Dead             Necr           Unusable   N/A       N/A         4

Dungeon Overview and Level Annotations

Branches:
Dungeon (15/15)            Temple (0/1) D:6            Lair (5/5) D:11
  Swamp (4/4) Lair:3       Spider (4/4) Lair:2          Orc (2/2) D:12
    Elf (3/3) Orc:2        Vaults (5/5) D:14          Crypt (3/3) Vaults:2
   Tomb (0/3) Crypt:3      Depths (4/4) D:15            Zot (5/5) Depths:4
  IceCv (visited)
  Slime: Lair:4-5

Altars:
Dithmenos
Elyvilon
Gozag
Kikubaaqudgha
Makhleb
Qazlal
Uskayaw
Vehumet
Yredelemnul
Zin
The Shining One

Shops:
D:1 *   D:2 [   D:12 *   Orc:2 **!:   Elf:2 (   Elf:3 *[*[?   Vaults:4 :
Vaults:5 =

Portals:
Hell: Lair:5 Depths:1 Depths:2 Depths:3 Depths:4
Abyss: Depths:3 Depths:4
Pandemonium: Depths:1 Depths:2
Ziggurat: Depths:1

Annotations:
D:14 Roxanne
Lair:5 exclusion: 2 oklob plants


Innate Abilities, Weirdness & Mutations

You have a pair of horns on your head.
You reflexively headbutt those who attack you in melee.
You are agile. (Dex +4, Str/Int -1)
You are dopey. (Int -2)


Message History

Press: ? - help, Dir - move target
As you read the scroll of blinking, it crumbles to dust.
There is a stone staircase leading up here.
There is a stone staircase leading up here.
You swap places.
There is a stone staircase leading up here.
You swap places.
There is a stone staircase leading up here.
You climb upwards.
There is a stone staircase leading down here.
You swap places.
The cacodemon stares, then turns away, jangling a coin purse.
The orange demon stares, then turns away, jangling a coin purse.
Your orange demon grins greedily, jangling a coin purse.
A cacodemon and 2 orange demons come into view.
The cacodemon moves out of view.
Your orange demon moves out of view.
As you read the scroll of summoning, it crumbles to dust.
Wisps of shadow whirl around you...
You swap places.
Your angel grins greedily, jangling a coin purse.
An angel comes into view. It is wielding a +1 whip of holy wrath.
You feel a bit more experienced.
An ice devil comes into view.
Your blizzard demon gestures at the ice devil.
The bolt of lightning hits your jackal!!
Your jackal dies!
Your jackal's corpse dissolves into shadows!
The bolt of lightning hits the ice devil!!
As you read the scroll of summoning, it crumbles to dust.
Wisps of shadow whirl around you...
Your angel hits the ice devil with a +1 whip of holy wrath!!
The ice devil convulses.
Your angel hits the ice devil with a +1 whip of holy wrath.
The ice devil dies!
You swap places.
Your jackal dissolves into shadows!
The orange demon stares, then turns away, jangling a coin purse.
An orange demon comes into view.
There is a staircase leading out of the dungeon here.
You have escaped!

...###### #............##...#
........# #............'....###
........# #............#.......
........# #...........#######..
........## ###########..........
...#.....###################.....
##.####.##.............#......#).
##.......#.............#.#.......
..>.#....#......@A.....#.#.####..
.##.#....#.....4.......#.#.# #..
.##.#....#.............#...# #..
.##.##.#.######.&.########## #..
+##....#'### #hg.# ###########..
..#........# #.#.# #.........#..
..+..#.....# #r.[# #.........#..
..####.....# #K#L###.........#..
..# #.....# #...#...........###


You could see a neutral orange demon (unaware), the friendly Qual, a friendly
angel, a friendly lich (invisible), a friendly jackal (summoned), a friendly
goblin (summoned), a friendly kobold (summoned) and a friendly rat (summoned).

Vanquished Creatures
  The ghost of Mikey69 the Conqueror, a legendary DsBe of Trog (Zot:5)
  Tiamat (Zot:2)
  2 ancient liches
  Khufu (Crypt:1)
  An orb of fire (Zot:3)
  2 juggernauts (Depths:2)
  A royal mummy (Crypt:1)
  6 Killer Klowns
  Saint Roka (Vaults:4)
  3 caustic shrikes (Depths:4)
  2 curse toes
  A profane servitor (Crypt:3)
  the Enchantress (Depths:2)
  12 golden dragons
  A bone dragon (Crypt:3)
  4 electric golems
  14 tentacled monstrosities
  10 Orb Guardians
  A walking earthen tome (Depths:3)
  4 deep elf blademasters
  A walking divine tome (Depths:3)
  6 liches
  5 titans
  2 deep elf master archers (Elf:3)
  7 quicksilver dragons
  10 sphinxes
  13 death cobs
  Aizul (Swamp:2)
  5 shadow dragons
  14 storm dragons
  12 tengu reavers
  Donald (Crypt:2)
  A thorn hunter (Swamp:3)
  2 revenants
  The ghost of Keoguots the Thaumaturge, an adept GnSk of Makhleb (Swamp:4)
  7 draconian knights
  9 fire giants
  3 protean progenitors
  4 frost giants
  4 iron dragons
  8 draconian monks
  4 draconian shifters
  12 deep elf sorcerers
  16 vault wardens
  7 draconian scorchers
  A deep elf elementalist (Elf:3)
  Louise (Spider:3)
  3 emperor scorpions
  A curse skull (Crypt:1)
  8 ghost moths
  3 draconian stormcallers
  A reaper (IceCv)
  3 draconian annihilators
  An orc warlord (Vaults:4)
  16 ironbound preservers
  12 ghouls
  A broodmother (Spider:1)
  7 spriggan defenders
  A juggernaut skeleton (Crypt:2)
  4 formless jellyfish
  12 very ugly things
  8 deep elf demonologists
  10 ironbound thunderhulks
  7 vampire knights
  13 green draconians
  22 stone giants
  14 black draconians
  6 eleionomae
  7 deep elf death magi
  4 war gargoyles (Vaults:5)
  4 deep elf annihilators
  3 bunyips
  13 spark wasps
  15 white draconians
  26 yellow draconians
  Snorg (D:14)
  7 red draconians
  The ghost of Jingleheimer the Mimic, a journeyman OpSh of Gozag (Lair:5)
  Azrael (D:12)
  14 purple draconians
  10 dire elephants
  A blizzard demon (Depths:4)
  15 ettins
  16 eidola
  A mummy priest (Crypt:3)
  2 crystal guardians (Vaults:3)
  4 entropy weavers
  Josephine (Lair:4)
  A spriggan zombie (Crypt:3)
  16 yaktaur captains
  18 jiangshi
  6 fire dragons
  A merfolk impaler (Depths:3)
  6 deep elf high priests
  2 peacekeepers (Vaults:3)
  38 vault guards
  10 ice dragons
  A hell beast (Depths:1)
  6 spriggan air magi
  4 rakshasas
  16 hydras
  11 great orbs of eyes
  7 radroaches
  5 ogre magi
  2 ghost crabs
  A catoblepas (Lair:5)
  8 ironbound frosthearts
  A spriggan skeleton (Crypt:2)
  27 dancing weapons
  14 alligators
  7 centaur warriors
  16 two-headed ogres
  6 death knights
  A fenstrider witch skeleton (Crypt:2)
  3 death yaks
  13 boulder beetles
  5 deep troll shamans
  4 orc high priests
  5 deep troll earth magi
  9 tengu warriors
  5 vampire magi
  2 sun demons
  3 occultists
  16 demonic crawlers
  4 spriggan berserkers
  A titan zombie (Crypt:3)
  The ghost of browni3141 the Grappler, a novice TrEn of Okawaru (D:8)
  12 hell knights
  12 deep elf knights
  8 iron trolls
  5 skysharks
  A shadow wraith (Crypt:2)
  27 skeletal warriors
  A fire crab (Lair:4)
  67 deep trolls
  8 spriggan druids
  8 pharaoh ants
  A titan skeleton (Crypt:2)
  9 flayed ghosts
  14 bog bodies
  4 goliath frogs
  3 glowing orange brains
  Lodul (D:13)
  11 swamp dragons
  An anaconda zombie (Crypt:3)
  A mana viper (shapeshifter) (Depths:3)
  A golden dragon skeleton (Crypt:2)
  4 orb spiders
  34 slime creatures
  3 sun moths
  5 deep elf archers
  An elf zombie (Vaults:3)
  An anaconda skeleton (Crypt:2)
  A glowing orange brain (shapeshifter) (Vaults:4)
  16 lindwurms
  24 deep elf zephyrmancers
  21 ironbound convokers
  12 steelbarb worms
  10 arcanists
  22 phantasmal warriors
  8 necromancers
  2 stone giant zombies (Crypt:3)
  5 orc knights
  16 wolf spiders
  4 harpies (Vaults:2)
  16 moths of wrath
  An oklob plant (Lair:2)
  A glowing shapeshifter (Vaults:5)
  39 ugly things
  27 deep elf pyromancers
  A shadow dragon skeleton (Crypt:2)
  6 orc sorcerers
  A tengu skeleton (Vaults:3)
  2 cyclopes (Orc:2)
  3 will-o-the-wisps
  3 manticores
  8 meliai
  7 elephants
  3 black mambas
  3 dire elephant zombies
  22 vault sentinels
  A naga zombie (Crypt:3)
  An ice statue (IceCv)
  5 torpor snails
  A human skeleton (Vaults:3)
  3 kobold blastminers (Orc:1)
  11 cane toads
  3 water nymphs (Zot:4)
  Maggie (D:6)
  A gargoyle (D:12)
  2 orange demons (Lair:5)
  A death yak zombie (Crypt:2)
  An elephant slug zombie (Crypt:1)
  A hellion (Depths:1)
  24 yaktaurs
  8 rime drakes
  A spectral unseen horror (D:8)
  Psyche (D:8)
  3 tengu conjurers
  A yaktaur zombie (Vaults:3)
  4 ice devils
  The ghost of Laqueoixx the Insei, a novice OpSh (D:5)
  An efreet (D:9)
  8 freezing wraiths
  12 komodo dragons
  A red devil (Lair:5)
  A yellow draconian skeleton (Crypt:1)
  23 trolls
  4 harpy zombies (Crypt:3)
  A hellwing (Lair:5)
  A bloated husk (Swamp:4)
  A polar bear (shapeshifter) (Elf:1)
  A yaktaur skeleton (Vaults:3)
  4 polar bears (D:7)
  3 guardian mummies
  8 tyrant leeches
  A harpy skeleton (Crypt:2)
  A merfolk (shapeshifter) (Depths:1)
  Prince Ribbit (D:5)
  A wind drake (shapeshifter) (Elf:2)
  Grinder (D:6)
  16 tarantellas
  18 hornets
  4 blink frogs
  A raiju (shapeshifter) (Elf:1)
  2 ettin zombies
  2 dream sheep
  9 water elementals
  A ynoxinul (Depths:2)
  36 jumping spiders
  19 culicivoras
  22 spriggans
  3 shadows
  8 wraiths
  11 wyverns
  A centaur simulacrum (D:14)
  An ushabti (Crypt:3)
  Eustachio (D:5)
  A spriggan (shapeshifter) (D:14)
  An air elemental (Elf:2)
  A hog (shapeshifter) (Depths:1)
  10 humans (Zot:2)
  2 steam dragons (D:8)
  2 vampires
  4 basilisks
  51 redbacks
  26 yaks
  6 fire elementals
  15 vampire mosquitoes
  7 wargs
  Menkaure (D:5)
  A death yak simulacrum (IceCv)
  4 acid dragons
  12 swamp worms
  2 harpy simulacra
  8 hell hounds
  2 hydra simulacra (IceCv)
  A naga skeleton (Crypt:2)
  19 water moccasins
  A sky beast (D:6)
  A demonspawn skeleton (Crypt:2)
  26 orc warriors
  9 swamp drakes
  An ice beast (D:5)
  6 black bears
  16 laughing skulls
  A boggart (Elf:1)
  30 ogres
  11 wolves
  A swamp dragon skeleton (Crypt:1)
  2 centaurs
  A komodo dragon zombie (Crypt:1)
  A phantom (Crypt:3)
  18 bullfrogs
  5 kobold brigands
  2 gnoll sergeants
  A warg zombie (Crypt:2)
  A human simulacrum (Vaults:3)
  16 necrophages
  4 two-headed ogre simulacra (IceCv)
  A cane toad simulacrum (IceCv)
  5 earth elementals
  An elf skeleton (Crypt:2)
  2 scorpions
  10 wyvern skeletons (Crypt:3)
  A troll zombie (Crypt:2)
  2 elephant simulacra (IceCv)
  5 killer bees (D:8)
  A howler monkey (D:6)
  5 electric eels
  A spectral centaur (D:8)
  3 lava snakes (Lair:1)
  2 bombardier beetles
  3 hounds
  A jelly (D:5)
  12 orc priests
  Crazy Yiuf (D:6)
  2 iguanas
  2 sleepcaps (D:7)
  Ijyb (D:5)
  Natasha (twice) (D:3)
  27 orc wizards
  9 hell rats
  3 spriggan simulacra (IceCv)
  2 polar bear simulacra (IceCv)
  A boggart skeleton (Crypt:1)
  4 troll simulacra (IceCv)
  A crocodile zombie (Crypt:2)
  An acid dragon skeleton (Crypt:1)
  A spectral howler monkey (D:8)
  2 mummies (Crypt:1)
  A killer bee simulacrum (D:8)
  18 gnolls
  A naga simulacrum (IceCv)
  6 river rats (Lair:4)
  6 adders
  8 white imps (IceCv)
  9 ufetubi
  A ribbon worm (D:3)
  2 dart slugs
  68 orcs
  2 bats (D:1)
  A bat skeleton (Crypt:2)
  A bat zombie (Crypt:1)
  5 endoplasms
  4 giant cockroaches
  4 goblins
  9 hobgoblins
  5 quokkas
  7 ball pythons
  A frilled lizard (D:3)
  32 kobolds
  6 rats
  A rat skeleton (Crypt:2)
  An aspiring flesh (Zot:4)
2301 creatures vanquished.

Vanquished Creatures (collateral kills)
  A dread lich (Zot:5)
  An orb of fire (Zot:5)
  the Lernaean hydra (Swamp:4)
  4 Killer Klowns (Zot:5)
  A golden dragon (Zot:5)
  An electric golem (Zot:5)
  A Tzitzimitl (Depths:4)
  A tentacled monstrosity (Zot:5)
  11 Orb Guardians (Zot:5)
  A sphinx (Vaults:4)
  A thorn hunter (Swamp:3)
  A storm dragon (Zot:5)
  A frost giant (Vaults:5)
  A draconian scorcher (Zot:5)
  An orc warlord (Vaults:4)
  A draconian annihilator (Zot:5)
  A stone giant (Vaults:5)
  Nessos (Lair:4)
  A green draconian (Zot:5)
  A white draconian (Zot:5)
  A red draconian (Zot:5)
  A hydra (Swamp:4)
  An alligator (Swamp:4)
  A swamp dragon (Swamp:4)
  A bog body (Swamp:4)
  An ironbound convoker (Vaults:4)
  An orc knight (Vaults:4)
  3 moths of wrath (Zot:5)
  A cane toad (Lair:4)
  An ice devil (D:1)
  3 swamp worms (Swamp:3)
  A water moccasin (Lair:4)
49 creatures vanquished.

Vanquished Creatures (others)
  2 dread liches (Zot:5)
  The ghost of tymior the Cryomancer, a veteran DrAE of Vehumet (Zot:5)
  The ghost of Uneer the Black Belt, a legendary GnFE of Okawaru (Zot:5)
  A Killer Klown (Zot:5)
  A curse toe (Zot:5)
  Nikola (Spider:2)
  A tentacled monstrosity (Zot:5)
  A lich (Depths:2)
  5 Orb Guardians (Zot:5)
  A quicksilver dragon (Zot:5)
  A death cob (Zot:2)
  3 storm dragons (Zot:5)
  A draconian monk (Zot:5)
  A draconian knight (Zot:5)
  2 draconian shifters
  2 draconian scorchers (Zot:5)
  2 draconian stormcallers (Zot:5)
  A draconian annihilator (Zot:5)
  2 green draconians (Zot:5)
  A black draconian (Zot:5)
  A purple draconian (Zot:5)
  A red draconian (Zot:5)
  A war gargoyle (Vaults:5)
  A yellow draconian (Zot:5)
  A spark wasp (Depths:4)
  An alligator (Swamp:4)
  A sixfirhy (D:1)
  A pharaoh ant (Spider:2)
  A sun moth (Spider:2)
  An obsidian statue (Zot:5)
  A deep elf pyromancer (Elf:2)
  A wolf spider (Spider:2)
  3 moths of wrath (Zot:5)
  An orange demon (D:1)
  A cane toad (Lair:3)
  A tyrant leech (Swamp:3)
  A culicivora (Spider:2)
  A spriggan (Depths:2)
  A river rat (Lair:4)
  18 foxfires
70 creatures vanquished.

Grand Total: 2420 creatures vanquished

Notes
Turn   | Place    | Note
-------+----------+-------------------------------------------
     0 | D:1      | babelphish the Minotaur Fighter began the quest for the
                  | Orb.
     0 | D:1      | Reached XP level 1. HP: 19/19 MP: 0/0
   189 | D:1      | Found Ruales's General Store.
   203 | D:1      | Reached XP level 2. HP: 15/26 MP: 1/1
   691 | D:2      | Reached XP level 3. HP: 16/31 MP: 2/2
   779 | D:2      | Found Feokaas's Antique Armour Boutique.
  1294 | D:3      | Noticed an ogre
  1453 | D:3      | Found an opulent altar of Gozag.
  1467 | D:3      | Became a worshipper of Gozag Ym Sagoz the Greedy
  1612 | D:3      | Killed an ogre
  1613 | D:3      | Reached XP level 4. HP: 18/39 MP: 3/3
  1613 | D:3      | Reached XP level 5. HP: 21/45 MP: 4/4
  2056 | D:3      | Noticed Natasha
  2065 | D:3      | Killed Natasha
  2250 | D:3      | Noticed Natasha
  2253 | D:3      | Killed Natasha
  2646 | D:4      | Reached XP level 6. HP: 55/55 MP: 5/5
  2700 | D:4      | Reached skill level 5 in Fighting
  3540 | D:2      | Bought a glowing ring mail for 140 gold pieces
  3540 | D:2      | Bought a runed cloak for 150 gold pieces
  3615 | D:5      | Entered Level 5 of the Dungeon
  3693 | D:5      | Noticed a water moccasin
  3706 | D:5      | Killed a water moccasin
  3710 | D:5      | Noticed an ice beast
  3721 | D:5      | Killed an ice beast
  3722 | D:5      | Reached XP level 7. HP: 66/66 MP: 6/6
  3749 | D:5      | Found a shadowy altar of Dithmenos.
  3870 | D:5      | Noticed Ijyb
  3885 | D:5      | Killed Ijyb
  3986 | D:5      | Found a runed translucent gate.
  3988 | D:5      | Found a runed translucent gate.
  3988 | D:5      | Noticed Laqueoixx's ghost (novice OpSh)
  3989 | D:5      | Found a runed translucent gate.
  4043 | D:5      | Reached skill level 1 in Dodging
  4205 | D:5      | Noticed Prince Ribbit
  4213 | D:5      | Killed Prince Ribbit
  4214 | D:5      | Reached XP level 8. HP: 75/75 MP: 7/7
  4264 | D:5      | Noticed Eustachio
  4297 | D:5      | Killed Eustachio
  4298 | D:5      | Reached skill level 5 in Dodging
  4624 | D:5      | Noticed Menkaure
  4630 | D:5      | Killed Menkaure
  4922 | D:6      | Reached skill level 5 in Armour
  5506 | D:6      | Reached XP level 9. HP: 82/82 MP: 8/8
  5767 | D:6      | Found a runed translucent door.
  5768 | D:6      | Noticed Crazy Yiuf
  5775 | D:6      | Killed Crazy Yiuf
  5977 | D:6      | Noticed Grinder
  5998 | D:6      | Paralysed by Grinder for 5 turns
  6011 | D:6      | Killed Grinder
  6012 | D:6      | Reached skill level 10 in Maces & Flails
  6027 | D:6      | Found a staircase to the Ecumenical Temple.
  6104 | D:6      | Noticed Maggie
  6126 | D:6      | Killed Maggie
  6778 | D:7      | Found a runed translucent gate.
  6779 | D:7      | Found a runed translucent gate.
  6779 | D:7      | Noticed a death yak
  6781 | D:7      | Found a runed translucent gate.
  6781 | D:7      | Noticed a polar bear
  6781 | D:7      | Noticed a death yak
  6781 | D:7      | Noticed a polar bear
  6782 | D:7      | Noticed a polar bear
  6783 | D:7      | Noticed a polar bear
  7100 | D:7      | Noticed a boulder beetle
  7122 | D:7      | Killed a boulder beetle
  7123 | D:7      | Reached skill level 10 in Fighting
  7514 | D:7      | Found an ancient bone altar of Kikubaaqudgha.
  7636 | D:7      | Reached XP level 10. HP: 83/93 MP: 9/9
  8466 | D:8      | Noticed Psyche
  8490 | D:8      | Killed Psyche
  8491 | D:8      | Reached skill level 5 in Shields
  8650 | D:8      | Noticed browni3141's ghost (novice TrEn)
  8653 | D:8      | Found a transporter.
  8656 | D:8      | Found a transporter.
  8694 | D:8      | Noticed a meliai
  9140 | D:8      | Noticed a skeletal warrior
  9178 | D:7      | HP: 3/94 [skeletal warrior/+0 dire flail (5)]
  9572 | D:8      | Identified the +2 dagger "Xofi" {pain, Int+3}
  9679 | D:9      | Noticed a boulder beetle
  9702 | D:10     | Entered Level 10 of the Dungeon
  9800 | D:9      | Killed a boulder beetle
  9871 | D:9      | Noticed a two-headed ogre
  9932 | D:10     | Reached skill level 10 in Shields
 10070 | D:10     | Identified the +0 leather armour "Vyprabiu" {Int+3}
 10159 | D:10     | Noticed a purple ugly thing
 10343 | D:9      | Noticed a manticore
 10343 | D:9      | Noticed a seven-headed hydra
 10431 | D:10     | Reached skill level 1 in Throwing
 10457 | D:10     | Reached XP level 11. HP: 79/101 MP: 10/10
 10548 | D:10     | Killed a purple ugly thing
 10799 | D:10     | Found a hide-covered altar of Uskayaw.
 10896 | D:10     | Killed a seven-headed hydra
 11182 | D:9      | Reached skill level 1 in Evocations
 11231 | D:9      | Killed a two-headed ogre
 11548 | D:9      | You fall into a shaft and drop 3 floors!
 12004 | D:11     | Reached skill level 5 in Evocations
 12276 | D:11     | Found a staircase to the Lair.
 12438 | D:11     | Noticed a two-headed ogre
 12580 | D:10     | Killed a two-headed ogre
 13023 | Lair:1   | Entered Level 1 of the Lair of Beasts
 13119 | Lair:1   | Reached XP level 12. HP: 98/108 MP: 11/11
 13216 | Lair:1   | Found a frozen archway.
 13221 | IceCv    | Entered an ice cave
 13283 | IceCv    | Reached skill level 10 in Armour
 13543 | IceCv    | Noticed a reaper
 13581 | IceCv    | Killed a reaper
 13709 | IceCv    | Identified the +10 falchion of Enaischu {venom, *Slow Will+
                  | Str+3}
 13954 | Lair:1   | Noticed a six-headed hydra
 14019 | Lair:1   | Killed a six-headed hydra
 14815 | Lair:2   | Reached skill level 1 in Stealth
 15250 | Lair:2   | Identified the +0 ring mail of Disguise {rElec rPois Dex-3}
 15451 | Lair:2   | Found a hole to the Spider Nest.
 16334 | Lair:3   | Reached XP level 13. HP: 118/118 MP: 12/12
 16469 | Lair:3   | Paralysed by a hornet for 3 turns
 16577 | Lair:3   | Reached skill level 10 in Dodging
 16680 | Lair:3   | Found a staircase to the Swamp.
 16785 | Lair:4   | Noticed Nessos
 16804 | Lair:4   | Killed Nessos
 17031 | Lair:4   | Reached skill level 5 in Stealth
 17147 | Lair:4   | Noticed Josephine
 17233 | Lair:4   | Killed Josephine
 17467 | Lair:4   | Identified the +1 leather armour of Des Idoh {rPois Will+}
 18199 | Lair:5   | Entered Level 5 of the Lair of Beasts
 18527 | Lair:5   | Found a burning altar of Makhleb.
 18775 | Lair:5   | Found a gateway to Hell.
 18782 | Lair:5   | Identified the +4 ring mail of the Kodama {rF+}
 18855 | Lair:5   | Found a runed translucent door.
 18885 | Lair:5   | Noticed Jingleheimer's ghost (journeyman OpSh)
 18937 | Lair:5   | Reached XP level 14. HP: 126/126 MP: 13/13
 19325 | Lair:5   | Killed Jingleheimer's ghost
 19620 | D:12     | Noticed Azrael
 19685 | D:12     | Killed Azrael
 19906 | D:12     | Found a staircase to the Orcish Mines.
 20033 | D:12     | Found Rocutoup's Elemental Accessories.
 21591 | D:14     | Noticed Lodul
 21619 | D:13     | Killed Lodul
 22011 | D:14     | Noticed Roxanne
 22118 | D:14     | Noticed Snorg
 22153 | D:14     | Killed Snorg
 22187 | D:14     | Noticed an ironbound preserver
 22188 | D:14     | Found a gate to the Vaults.
 22283 | D:15     | Entered Level 15 of the Dungeon
 22344 | D:15     | Killed an ironbound preserver
 22796 | D:14     | Upgraded the game from 0.31.0-7-gf635a9b802 to
                  | 0.31.0-9-g3a7656b989
 22887 | D:15     | Noticed a stone giant
 22951 | D:15     | Found a staircase to the Depths.
 22992 | D:15     | Killed a stone giant
 23070 | D:15     | Paralysed by an ogre mage for 2 turns
 23288 | D:15     | Identified the +7 battleaxe of Hagu {drain, rPois}
 23316 | D:14     | Reached XP level 15. HP: 124/133 MP: 14/14
 23337 | D:14     | Reached skill level 15 in Fighting
 23876 | Orc:1    | Entered Level 1 of the Orcish Mines
 24518 | Orc:1    | Reached skill level 5 in Throwing
 25146 | Orc:2    | Entered Level 2 of the Orcish Mines
 25164 | Orc:2    | Found a staircase to the Elven Halls.
 25437 | Orc:2    | Found Pofoesar's Book Boutique.
 25753 | Orc:2    | Reached skill level 15 in Maces & Flails
 25828 | Orc:2    | Found Gym Haeq's Assorted Antiques.
 25830 | Orc:2    | Found Loahigur's Distillery.
 25837 | Orc:2    | Found Ywusyc's General Store.
 25846 | Orc:2    | Bought a golden ring for 130 gold pieces
 25846 | Orc:2    | Bought a scroll of enchant weapon for 195 gold pieces
 25858 | Orc:2    | Bought a potion of invisibility for 104 gold pieces
 25863 | Orc:2    | Bought a +1 pair of boots of stealth for 198 gold pieces
 26399 | Swamp:1  | Entered Level 1 of the Swamp
 27019 | Swamp:2  | Identified the ring "Vintierchui" {rElec rC+ rCorr Slay+2}
 27063 | Swamp:2  | Identified the serpent talisman of Canihaol {Will+ Int+4}
 27063 | Swamp:2  | Noticed Aizul
 27084 | Swamp:2  | Killed Aizul
 27386 | Swamp:2  | Reached skill level 15 in Armour
 27418 | Swamp:2  | Reached XP level 16. HP: 129/149 MP: 15/15
 28432 | Swamp:4  | Entered Level 4 of the Swamp
 28671 | Swamp:4  | Reached skill level 15 in Shields
 28805 | Swamp:4  | Noticed a thorn hunter
 29160 | Swamp:3  | Noticed a thorn hunter
 29173 | Swamp:3  | Killed a thorn hunter
 29740 | Swamp:3  | Killed a thorn hunter
 29857 | Swamp:4  | Found a runed translucent gate.
 29857 | Swamp:4  | Found a runed translucent gate.
 29858 | Swamp:4  | Found a runed translucent gate.
 29861 | Swamp:4  | Noticed Keoguots's ghost (adept GnSk)
 30035 | Swamp:4  | Killed Keoguots's ghost
 30210 | Swamp:4  | Noticed the 27-headed Lernaean hydra
 30541 | D:5      | Killed Laqueoixx's ghost
 30661 | D:7      | Reached XP level 17. HP: 160/161 MP: 16/16
 31062 | Spider:1 | Entered Level 1 of the Spider Nest
 32053 | Spider:1 | Identified the +0 robe "Egarorr" {*Corrode Int+9}
 32871 | Spider:2 | Noticed Nikola
 32891 | Spider:2 | Killed Nikola
 32892 | Spider:2 | Reached skill level 15 in Dodging
 33143 | Spider:2 | Gained mutation: You occasionally shout uncontrollably at
                  | your foes. [mutagenic glow]
 33200 | Spider:3 | Identified the +0 robe of the Fiddle {Fly rElec Dex+4}
 33216 | Spider:3 | Noticed Louise
 33225 | Spider:3 | Killed Louise
 34007 | D:8      | Killed browni3141's ghost
 34289 | Spider:4 | Entered Level 4 of the Spider Nest
 34649 | Spider:4 | Reached XP level 18. HP: 170/170 MP: 17/17
 35543 | Spider:4 | Found the +3 pair of mountain boots {steadfast, rC+}
 35547 | Spider:4 | Got a gossamer rune of Zot
 36013 | Swamp:4  | Killed the 27-headed Lernaean hydra
 36114 | Swamp:4  | Got a decaying rune of Zot
 36157 | Swamp:4  | Noticed a tentacled monstrosity
 36165 | Swamp:4  | Killed a tentacled monstrosity
 36675 | Elf:1    | Entered Level 1 of the Elven Halls
 36765 | Elf:1    | Noticed a Tzitzimitl
 36915 | Elf:1    | Got the Volume of Summoning
 36917 | Elf:1    | Identified the +0 helmet "Zoakk" {rF+ rN+ Dex-3}
 38147 | Elf:2    | Paralysed by an air elemental for 1 turns
 38215 | Elf:2    | Identified the +4 war axe "Spiderbane" {flame, rElec rC+
                  | Str-2}
 38230 | Elf:2    | Found Pabohaug's Antique Weapon Shoppe.
 38246 | Elf:2    | Bought a masterwork mace for 224 gold pieces
 38246 | Elf:2    | Identified the +4 mace "Ticwuan" {venom, rElec rF++ rCorr}
                  | (You bought it in a shop on level 2 of the Elven Halls)
 38318 | Elf:2    | Found an ancient bone altar of Kikubaaqudgha.
 38534 | Elf:2    | Found a huge runed translucent gate.
 38534 | Elf:2    | Found a huge runed translucent gate.
 38534 | Elf:2    | Found a huge runed translucent gate.
 38545 | Elf:2    | Found a huge runed translucent gate.
 38549 | Elf:2    | Found a huge runed translucent gate.
 38586 | Elf:2    | Reached XP level 19. HP: 176/177 MP: 18/18
 38736 | Elf:1    | Upgraded the game from 0.31.0-9-g3a7656b989 to
                  | 0.31.0-10-gcf4a605ca0
 38771 | Elf:3    | Entered Level 3 of the Elven Halls
 38771 | Elf:3    | Found Neepyatoar's Armour Shop.
 38860 | Elf:3    | Noticed a Tzitzimitl
 40491 | Elf:3    | Found Etenyu Vire's General Store.
 40498 | Elf:3    | Bought a scroll of enchant weapon for 97 gold pieces
 40498 | Elf:3    | Bought a potion of resistance for 130 gold pieces
 40568 | Elf:3    | Found Cetoptee's Assorted Antiques.
 40593 | Elf:3    | Found Juaretui's Antique Armour Shoppe.
 40595 | Elf:3    | Found Nuih's Magic Scroll Emporium.
 40599 | Elf:3    | Bought a wand of flame (10) for 175 gold pieces
 40601 | Elf:3    | Bought a glowing plate armour for 702 gold pieces
 40612 | Elf:3    | Bought a pair of glimmering boots for 256 gold pieces
 40612 | Elf:3    | Identified the +2 pair of boots of the Ladybird {rN+ Str-3
                  | Int+2} (You bought it in a shop on level 3 of the Elven
                  | Halls)
 40612 | Elf:3    | Bought a pair of dazzling boots for 256 gold pieces
 40612 | Elf:3    | Identified the +1 pair of boots of Recklessness {-Tele
                  | Will+ Int+4} (You bought it in a shop on level 3 of the
                  | Elven Halls)
 40624 | Elf:3    | Bought a scroll of blinking for 97 gold pieces
 40624 | Elf:3    | Bought a scroll of teleportation for 39 gold pieces
 40624 | Elf:3    | Bought a scroll of summoning for 123 gold pieces
 41391 | Elf:3    | Identified the +1 flail of Berghobig {drain, rPois Str+5
                  | Int-2}
 41493 | Elf:3    | Identified the ring of the Singing Scavenger {Fire rPois}
 41509 | Elf:3    | Identified the ring of Hokkapeu {Wiz Str+3}
 41798 | Elf:3    | Identified the +7 plate armour of Ulelofij {Slay+2}
 41864 | Elf:3    | Identified the +2 rapier "Dotubu" {freeze, rC+}
 41939 | Elf:3    | Got the Discourse on the Snowflakes and the Volley
 41976 | Elf:3    | Got the Parchment of Hurting
 42409 | Elf:3    | Identified the staff of Wuykleask {rElec Will+ SInv Air}
 42634 | Vaults:1 | Entered Level 1 of the Vaults
 43499 | Vaults:1 | Reached XP level 20. HP: 193/193 MP: 19/19
 44010 | Vaults:1 | Reached skill level 10 in Evocations
 45739 | Vaults:2 | Found a staircase to the Crypt.
 47526 | Vaults:3 | Reached XP level 21. HP: 201/201 MP: 20/20
 48374 | Vaults:4 | Found Astrie's Book Shoppe.
 48401 | Vaults:4 | Noticed Saint Roka
 48804 | Vaults:4 | Killed Saint Roka
 50480 | Depths:1 | Entered Level 1 of the Depths
 50776 | Depths:1 | Found a one-way gateway to a ziggurat.
 51504 | Depths:1 | Found a stormy altar of Qazlal.
 51770 | Depths:1 | Found a one-way gate leading to the halls of Pandemonium.
 52293 | Depths:2 | Reached XP level 22. HP: 211/211 MP: 21/21
 52369 | Depths:2 | Found a glowing silver altar of Zin.
 52370 | Depths:2 | Found a glowing golden altar of the Shining One.
 52371 | Depths:2 | Found a white marble altar of Elyvilon.
 54451 | Depths:3 | Noticed a juggernaut
 54466 | Depths:4 | Entered Level 4 of the Depths
 54794 | Depths:3 | Noticed the Enchantress
 54852 | Depths:3 | Noticed a golden dragon
 54858 | Depths:2 | Killed a golden dragon
 54970 | Depths:2 | Killed the Enchantress
 55047 | Depths:3 | Noticed a juggernaut
 55183 | Depths:2 | Killed a juggernaut
 55395 | Depths:2 | Killed a juggernaut
 56463 | Depths:3 | Found a one-way gate to the infinite horrors of the Abyss.
 56741 | Depths:3 | Noticed a golden dragon
 56753 | Depths:3 | Killed a golden dragon
 56895 | Depths:3 | Reached XP level 23. HP: 214/221 MP: 22/22
 56944 | Depths:3 | Found a white marble altar of Elyvilon.
 56997 | Depths:3 | Identified the +0 pair of gloves of Makhleb's Whim {Regen+
                  | Dex+3}
 57434 | Depths:4 | Noticed a caustic shrike
 57434 | Depths:4 | Noticed a caustic shrike
 57434 | Depths:4 | Noticed a caustic shrike
 57443 | Depths:4 | Killed a caustic shrike
 57447 | Depths:4 | Killed a caustic shrike
 57449 | Depths:4 | Killed a caustic shrike
 58076 | Depths:4 | Found a radiant altar of Vehumet.
 58704 | Depths:4 | Found a gate to the Realm of Zot.
 59028 | Crypt:1  | Entered Level 1 of the Crypt
 59047 | Crypt:1  | Noticed a royal mummy
 59283 | Crypt:1  | Killed a royal mummy
 59414 | Crypt:1  | Noticed Khufu
 59445 | Crypt:1  | Killed Khufu
 60198 | Crypt:1  | Found a hide-covered altar of Uskayaw.
 61598 | Crypt:2  | Noticed Donald
 61613 | Crypt:2  | Killed Donald
 61989 | Crypt:3  | Entered Level 3 of the Crypt
 62032 | Crypt:3  | Reached XP level 24. HP: 231/231 MP: 22/22
 62131 | Crypt:3  | Identified the +0 chain mail of Too Many Cooks {Rampage
                  | +Blink}
 62528 | Crypt:3  | Reached skill level 10 in Throwing
 62667 | Crypt:3  | Got the Precepts of Atmospheric Bolts
 62892 | Crypt:3  | Found a basalt altar of Yredelemnul.
 63389 | Crypt:3  | Found the +8 demon blade "Leech" {evervamp, Harm ^Drain
                  | rN+}
 63719 | Crypt:3  | Found a staircase to the Tomb.
 64415 | Vaults:5 | Entered Level 5 of the Vaults
 65332 | Vaults:5 | Identified the amulet "Vodaal" {Faith Harm rCorr MP+9}
 65922 | Vaults:5 | Got the Almanac of the Akashic Alembic
 66084 | Vaults:5 | Found Nisaod's Jewellery Shop.
 66100 | Vaults:5 | Identified the +0 leather armour of Bitterness {Will- Str+8
                  | Int+3 Dex-3}
 66168 | Vaults:5 | Reached XP level 25. HP: 224/238 MP: 22/22
 66245 | Vaults:5 | Noticed an ancient lich
 66257 | Vaults:5 | Killed an ancient lich
 66646 | Vaults:5 | Got a silver rune of Zot
 67412 | Zot:1    | Entered Level 1 of the Realm of Zot
 67416 | Zot:1    | Noticed a Killer Klown
 67431 | Zot:1    | Killed a Killer Klown
 67467 | Zot:1    | Noticed an ancient lich
 67483 | Zot:1    | Killed an ancient lich
 67577 | Zot:1    | Noticed a Killer Klown
 67596 | Zot:1    | Killed a Killer Klown
 69370 | Zot:2    | Found the +4 dragonskin cloak
 69370 | Zot:2    | Noticed Tiamat
 69543 | Zot:2    | Noticed a Killer Klown
 69566 | Zot:2    | Killed a Killer Klown
 70007 | Zot:2    | Noticed a Killer Klown
 70030 | Zot:2    | Killed a Killer Klown
 70147 | Zot:2    | Identified the +3 chain mail "Noakhlac" {Regen+ Str+4}
 71232 | Zot:2    | Killed Tiamat
 71907 | Zot:3    | Reached XP level 26. HP: 211/250 MP: 22/22
 72845 | Zot:3    | Identified the +3 chain mail of Esma Cesch {rC+ rN+ Str+3}
 73638 | Zot:4    | Noticed an orb of fire
 73667 | Zot:4    | Gained mutation: You have hidden genetic defects. [an orb
                  | of fire]
 73677 | Zot:3    | Killed an orb of fire
 73836 | Zot:4    | Identified the +0 short sword of the Solstice {elec, rF-
                  | rC+ rCorr Str+2}
 74018 | Zot:2    | Lost mutation: You have hidden genetic defects. [potion of
                  | mutation]
 74018 | Zot:2    | Lost mutation: You occasionally shout uncontrollably at
                  | your foes. [potion of mutation]
 74018 | Zot:2    | Gained mutation: You have hidden genetic defects. [potion
                  | of mutation]
 74018 | Zot:2    | Gained mutation: Your flesh is heat resistant. (rF+)
                  | [potion of mutation]
 74719 | Zot:4    | Identified the +7 hand axe of the Postmodern Suns {vamp,
                  | rF++}
 76943 | Zot:5    | Entered Level 5 of the Realm of Zot
 77192 | Zot:5    | Noticed Mikey69's ghost (legendary DsBe)
 77192 | Zot:5    | Noticed tymior's ghost (veteran DrAE)
 77370 | Zot:5    | Found a runed translucent gate.
 77371 | Zot:5    | Found a runed translucent gate.
 77372 | Zot:5    | Found a runed translucent gate.
 77372 | Zot:5    | Noticed Uneer's ghost (legendary GnFE)
 77400 | Zot:5    | Killed tymior's ghost
 77470 | Zot:5    | Killed Mikey69's ghost
 77486 | Zot:5    | Identified the ring "Vywa" {rPois rF+}
 77645 | Zot:5    | Gained mutation: You occasionally lose the ability to drink
                  | potions when taking damage. [hidden defects]
 77793 | Zot:5    | Killed a dread lich
 77797 | Zot:5    | Noticed an orb of fire
 77806 | Zot:5    | Noticed an orb of fire
 77816 | Zot:5    | Noticed an ancient lich
 77842 | Zot:5    | Killed a dread lich
 77876 | Zot:5    | Killed Uneer's ghost
 77962 | Zot:5    | Noticed a dread lich
 77963 | Zot:5    | Noticed an orb of fire
 77970 | Zot:5    | Killed a dread lich
 77980 | Zot:5    | Killed an orb of fire
 77980 | Zot:5    | Gained mutation: You have large cloven feet. [mutagenic
                  | glow]
 78015 | Zot:5    | Gained mutation: You sometimes lose the ability to drink
                  | potions when taking damage. [hidden defects]
 78015 | Zot:5    | Lost mutation: You have hidden genetic defects. [hidden
                  | defects expressed]
 78272 | Zot:5    | Lost mutation: You have large cloven feet. [potion of
                  | mutation]
 78272 | Zot:5    | Lost mutation: Your flesh is heat resistant. (rF+) [potion
                  | of mutation]
 78272 | Zot:5    | Lost mutation: You sometimes lose the ability to drink
                  | potions when taking damage. [potion of mutation]
 78272 | Zot:5    | Gained mutation: You are frail. (-10% HP) [potion of
                  | mutation]
 78273 | Zot:5    | Lost mutation: You occasionally lose the ability to drink
                  | potions when taking damage. [potion of mutation]
 78273 | Zot:5    | Lost mutation: You are frail. (-10% HP) [potion of
                  | mutation]
 78273 | Zot:5    | Gained mutation: You are dopey. (Int -2) [potion of
                  | mutation]
 78273 | Zot:5    | Gained mutation: You are agile. (Dex +4, Str/Int -1)
                  | [potion of mutation]
 78293 | Zot:5    | Upgraded the game from 0.31.0-10-gcf4a605ca0 to
                  | 0.31.0-11-ge490571c62
 78301 | Zot:5    | Got the Orb of Zot
 78805 | D:2      | Noticed Qual the pandemonium lord
 78856 | D:$      | Escaped with the Orb!

Illustrated notes

Levels and vault maps discovered:
D:1:      lemuel_arrival_hallway, layout_basic, serial_shops,
          nicolae_square_shop, minmay_surrounded
D:2:      layout_rooms, serial_shops, shop_fountains, item_on_display_a
D:3:      layout_basic, grunt_gozag_breadcrumbs, uniq_natasha
D:4:      layout_cave_pods
D:5:      layout_basic, mainiacjoe_overflow_surrounded_room,
          gammafunk_ghost_nasty_kobolds, nicolae_underground_beach,
          uniq_menkaure, uniq_ijyb, uniq_eustachio, uniq_prince_ribbit1
D:6:      layout_loops_corners, minmay_temple_entry_poolview, nrook_uturn,
          uniq_maggie, uniq_grinder, uniq_crazy_yiuf_cottage
D:7:      lemuel_bear_cage, layout_layer_cave,
          nicolae_kikubaaqudgha_miasma_corner, chequers_serial_rivers_large_a
D:8:      layout_loops_corners, nzn_ghost_randoct, dilly_guarded_unrand_morg,
          uniq_psyche
D:9:      minmay_diamond_stairs, layout_loops_ring, serial_shops,
          nicolae_shop_rolling_square
D:10:     layout_rooms, nicolae_uskayaw_dance_hall, enter_bailey_4
D:11:     layout_small_grid, minmay_lair_entry_grove, minmay_door_square
D:12:     layout_basic, david_orc_2, hangedman_abyss_or_decor_passed,
          nicolae_elemental_shop, nzn_life_drinkers, uniq_azrael
D:13:     layout_roguey, serial_aquarium, aquarium_bridge_square
          [aquarium_subvault_bridge, aquarium_subvault_wall,
          aquarium_subvault_balcony, aquarium_subvault_bridge],
          aquarium_bridge_long_separate [aquarium_subvault_wall,
          aquarium_subvault_balcony, aquarium_subvault_bridge,
          aquarium_subvault_wall, aquarium_subvault_bridge,
          aquarium_subvault_wall], aquarium_window_fake, aquarium_window_1,
          aquarium_window_fake, aquarium_window_fake, aquarium_view_2d,
          aquarium_view_2c, aquarium_balcony_3b
D:14:     layout_rooms, hellmonk_vaults_order_and_chaos, kennysheep_nondescript,
          uniq_roxanne, uniq_snorg, uniq_lodul
D:15:     hangedman_depths_entry_civil_slaughter, layout_cave_pools,
          minivault_25
Lair:1:   layout_loops_ring, portal_ice_cave_entry_pillars_2,
          serial_bayou_pond_d, nicolae_lair_liquid_snakes
Lair:2:   layout_chaotic_city, dummy_spider_entry
Lair:3:   layout_regular_city, mainiacjoe_swamp_entry_angry_trees
Lair:4:   nzn_winding_woodlands_medium [nzn_winding_woodlands_5x5_open_star,
          nzn_winding_woodlands_5x15_jagged,
          nzn_winding_woodlands_5x5_checkerboard,
          nzn_winding_woodlands_5x5_perimeter,
          nzn_winding_woodlands_center_triple_pond,
          nzn_winding_woodlands_5x5_cross, nzn_winding_woodlands_5x5_default,
          nzn_winding_woodlands_5x15_river_crossing,
          nzn_winding_woodlands_5x5_three], layout_regular_city,
          enter_volcano_4, kennysheep_abandoned_house, uniq_nessos,
          uniq_josephine
Lair:5:   evil_forest, layout_hall_layers, minmay_slime_entry_oklob_open,
          hellmonk_ghost_happy_afterlife
Swamp:1:  layout_basic_swamp, hangedman_swamp_ruin_wall, swamp_pool_1_2,
          nicolae_swamp_tree_isthmus, infiniplex_staircase_pool
Swamp:2:  layout_falls_marsh, hangedman_swamp_ruin_hall, uniq_aizul
Swamp:3:  layout_falls_marsh, evilmike_swamp_ruin_wall
Swamp:4:  grunt_swamp_rune_castle, layout_basic_swamp, ebering_ghost_rock_garden
Spider:1: nicolae_spider_jumping_over_cracks
          [nicolae_spider_jumping_sub_no_exit, nicolae_spider_jumping_sub_lanes,
          nicolae_spider_jumping_sub_shuffled,
          nicolae_spider_jumping_sub_empty], hellmonk_motheaten_closet
Spider:2: nicolae_spider_hall_of_the_moth_king, uniq_nikola
Spider:3: layout_spider_delve, uniq_louise
Spider:4: hellmonk_spider_rune_bug_friends, guppyfry_spider_mini_3
Orc:1:    layout_caves, basic_altar, minmay_orc_temple_c
Orc:2:    st_orc_open, layout_caves
Elf:1:    layout_loops_corners, minmay_elf_demonology,
          nicolae_elf_big_sculpture_2, hangedman_elf_disciples
Elf:2:    elven_hall_of_blades_hangedman_alternative
          [nicolae_blade_little_rooms], layout_geoelf_grid, basic_altar,
          serial_shops, nicolae_shop_tiny_statue_garden, grunt_ministairs_2,
          drop_trap
Elf:3:    minmay_elf_hall_quartered_circle, layout_geoelf_grid, serial_shops,
          shop, nicolae_shop_hallway_stairs, minmay_shop_star
Vaults:1: serial_library_hellmonk_open_square, v_pattern_3, v_rooms_2,
          nicolae_vaults_wine_cellar, nicolae_vaults_know_your_exits,
          ontoclasm_vaults_chip, nicolae_vaults_hexular_roomagon,
          layout_vaults_omnigrid
Vaults:2: grunt_vaults_hallway_short, hangedman_vaults_cutoff,
          hangedman_vaults_trim, nicolae_vaults_halls_meeting,
          nicolae_vaults_heist, nicolae_vaults_ring_of_whatevers,
          nicolae_vaults_little_squares_2, dpeg_vaults_monster_box,
          nicolae_vaults_hallways_thing, hangedman_vaults_stream,
          hangedman_vaults_restitches, nicolae_vaults_hexular_roomagon,
          minmay_crypt_entry_simple_box, nicolae_vaults_offset_grid_hallway_1,
          ontoclasm_vaults_loading_screen, ontoclasm_vaults_shuriken,
          layout_vaults_ring
Vaults:3: hangedman_vaults_stagger, v_misc_10, nicolae_vaults_meiosis,
          hangedman_vaults_impose, hangedman_vaults_hat, nicolae_vaults_arrows,
          nicolae_vaults_shipping_containers_4, nicolae_vaults_three_branches,
          vaults_dpeg_diagonal, nicolae_vaults_little_squares_4,
          layout_vaults_omnicross
Vaults:4: nicolae_vaults_diagonal_hallway_6, grunt_vaults_funnel,
          nicolae_vaults_weapon_check, nicolae_vaults_heart-shaped_vault,
          hangedman_vaults_capsules, v_misc_18, nicolae_vaults_alarming,
          vaults_room_guarded_vault, nicolae_vaults_diamond_1,
          vaults_room_pools, nicolae_vaults_little_squares_1,
          nicolae_vaults_apartment_2, nicolae_vaults_little_squares_6,
          nicolae_vaults_trapezoid_lopsided_3, layout_vaults_omnibox,
          serial_shops, shop, uniq_saint_roka
Vaults:5: serial_shops
Crypt:1:  layout_chaotic_city, nicolae_danse_macabre, uniq_khufu
Crypt:2:  layout_gridlike, grunt_megastairs_2, uniq_donald, uniq_margery
Crypt:3:  evilmike_haunted_forest
Depths:1: layout_cave_shapes, enter_ziggurat_d, hell_entry, grunt_qazlal_clouds,
          grunt_pan_entry_zigzag, minmay_checkered_concentric_circles
Depths:2: kb_forest_paths, layout_basic, hell_entry, rand_demon_pan_entry_7,
          good_gods_temple_1
Depths:3: minmay_central_circle, layout_basic, elyvilon_altar_5, abyss_entry,
          grunt_metal_band, uniq_enchantress
Depths:4: grunt_bruiser_brothers, layout_cave_pools, abyss_entry, hex_medium,
          hangedman_coc_ice_floe, nicolae_vehumet_radiance
Zot:1:    kennysheep_ambush_hall, layout_onion, hangedman_player_shredder
Zot:2:    circus_mu, layout_gridlike, lemuel_flame_loot_1, uniq_tiamat
Zot:3:    layout_cathedral_of_symmetry, regret_index_zotdec_serpentine_scales
Zot:4:    layout_onion, regret_index_zotdec_gossamer_parallel,
          lemuel_baited_zot_trap, grunt_ministairs_2
Zot:5:    layout_twisted_circle, gammafunk_ghost_cemetery, grunt_ministairs_12

Skill      XL: |  1  2  3  4  5  6  7  8  9 10 11 12 13 14 15 16 17 18 19 20 21 22 23 24 25 26 |
---------------+-------------------------------------------------------------------------------+-----
Maces & Flails | 3 4 6 9 12 16 18 20 22 25 | 25.5
Fighting       | 4 7 8 10 12 14 15 17 20 21 22 23 25 | 25.4
Dodging        | 4 5 8 9 10 11 13 15 16 17 19 20 | 20.4
Armour         | 6 9 11 13 15 16 17 18 19 21 23 24 | 24.9
Shields        | 10 14 15 16 18 19 20 22 23 | 23.8
Throwing       | 1 4 5 7 9 13 | 13.6
Evocations     | 5 8 9 12 13 | 13.6
Stealth        | 2 6 7 9 |  9.6

Action                     |  1- 3 |  4- 6 |  7- 9 | 10-12 | 13-15 | 16-18 | 19-21 | 22-24 | 25-27 || total
---------------------------+-------+-------+-------+-------+-------+-------+-------+-------+-------++-------
  Melee: Flail             |    66 |    91 |   254 |   481 |       |       |       |       |       ||   892
         Headbutt          |     6 |    19 |    44 |   216 |   494 |   301 |   564 |   770 |   484 ||  2898
         Unarmed           |       |       |     7 |     1 |       |       |       |       |       ||     8
         Morningstar       |       |       |       |   183 |   785 |  1406 |  1803 |  2215 |  1305 ||  7697
         Whip              |       |       |       |   266 |  1202 |       |       |       |       ||  1468
  Throw: Dart              |     5 |     2 |    19 |    15 |    22 |     6 |       |       |       ||    69
         Throwing net      |       |       |     1 |     1 |       |       |       |       |       ||     2
         Javelin           |       |       |       |     5 |       |       |       |       |     5 ||    10
 Invoke: Potion Petition   |       |       |       |     2 |     6 |     7 |     4 |     4 |     6 ||    29
         Bribe Branch      |       |       |       |       |       |       |       |       |     4 ||     4
  Evoke: Wand              |       |       |       |     6 |       |     6 |       |       |     1 ||    13
         Sack of spiders   |       |       |       |       |     2 |     4 |     2 |     5 |     2 ||    15
         Lightning rod     |       |       |       |       |       |       |       |       |     4 ||     4
         Phantom mirror    |       |       |       |       |       |       |       |       |     2 ||     2
         Phial of floods   |       |       |       |       |       |       |       |       |     1 ||     1
    Use: Scroll            |       |     3 |     3 |     8 |    23 |    13 |     8 |     3 |    16 ||    77
         Potion            |       |       |     1 |     2 |     3 |     3 |     4 |     7 |    10 ||    30
   Stab: Distracted        |       |       |       |     1 |    11 |    17 |     7 |    10 |    10 ||    56
         Held in net/web   |       |       |       |       |     2 |       |     2 |       |       ||     4
         Invisible         |       |       |       |       |     1 |       |     1 |     2 |     2 ||     6
         Sleeping          |       |       |       |       |     1 |       |       |       |     1 ||     2
         Confused          |       |       |       |       |       |       |       |     1 |       ||     1
 Armour: Scale mail        |    16 |       |       |   181 |   236 |       |       |       |       ||   433
         Plate armour      |    23 |    40 |       |       |   263 |  1249 |   649 |   920 |   637 ||  3781
         Ring mail         |       |     6 |   173 |   369 |   320 |       |       |       |       ||   868
         Skin              |       |       |     4 |     5 |       |     7 |       |       |       ||    16
  Dodge: Dodged            |    23 |    35 |   154 |   326 |   469 |   508 |   277 |   520 |   344 ||  2656
  Block: Buckler           |    14 |    18 |    49 |    31 |       |       |       |       |       ||   112
         Kite shield       |       |       |    17 |   247 |       |       |       |       |       ||   264
         Tower shield      |       |       |       |   162 |  2000 |  2370 |  2032 |  2772 |  1489 || 10825
